 Dungeon Crawl Stone Soup version 0.25-a0-346-g140ab784a8 (webtiles) character file.

Game seed: 9290013518900184425, levelgen mode: deterministic

8176 Conn the Cleaver (level 11, 0/80 HPs)
             Began as an Octopode Conjurer on Jan 1, 2020.
             Was a Believer of Vehumet.
             Killed from afar by Erolcha (28 damage)
             ... with a fireball
             ... on level 9 of the Dungeon.
             The game lasted 00:38:11 (10298 turns).

Conn the Cleaver (Octopode Conjurer)               Turns: 10298, Time: 00:38:16

Health: 0/80       AC:  1    Str: 10    XL:     11   Next: 26%
Magic:  16/16      EV: 18    Int: 17    God:    Vehumet [**....]
Gold:   498        SH:  5    Dex: 17    Spells: 5/17 levels left

rFire    . . .     SeeInvis .   m - +6 hand axe "Yrao" {chop, rC+ rN++ Str+2 Dex+3}
rCold    + . .     Gourm    .   A - +0 buckler
rNeg     + + .     Faith    .   (helmet restricted)
rPois    .         Spirit   .   f - amulet of regeneration
rElec    .         Reflect  .   (no ring)
rCorr    .         Harm     .   (no ring)
MR       .....                  (no ring)
Stlth    +++++.....             (no ring)
HPRegen  0.63/turn              (no ring)
MPRegen  0.15/turn              (no ring)
                                (no ring)
                                (no ring)

@: lethally poisoned (0 -> 0)
A: almost no armour, stealthy swim, amphibious, 8 rings, constrict 8, camouflage
2, blurry vision 1, dopey 1, sense surroundings 1, screaming 1, gelatinous body
1
a: Renounce Religion


You were on level 9 of the Dungeon.
You worshipped Vehumet.
Vehumet was pleased with you.
You were hungry.

You visited 2 branches of the dungeon, and saw 11 of its levels.

You collected 498 gold pieces.

Inventory:

Hand Weapons
 c - a +0 dagger
 k - a +2 short sword of flaming
 l - a +3 short sword
 m - the +6 hand axe "Yrao" (weapon) {chop, rC+ rN++ Str+2 Dex+3}
   (You found it on level 4 of the Dungeon)

   It inflicts extra damage upon your enemies.
   It affects your strength (+2).
   It affects your dexterity (+3).
   It protects you from cold.
   It greatly protects you from negative energy.
 y - the +0 dagger "Ogrebane" {flame, *Noise rC+++ MP+9 Dex+6}
   (You found it on level 8 of the Dungeon)

   It has been specially enchanted to burn those struck by it, causing extra
   injury to most foes and up to half again as much damage against particularly
   susceptible opponents.
   It affects your dexterity (+6).
   It renders you almost immune to cold.
   It affects your magic capacity (+9).
   It may make noises in combat.
 B - a +3 dagger of chaos
Missiles
 d - 3 throwing nets (quivered)
 j - 18 poisoned darts
Armour
 A - a +0 buckler (worn)
Jewellery
 f - an amulet of regeneration (around mantle)
 t - a +2 amulet of reflection {unknown}
Wands
 h - a wand of random effects (18)
 r - a wand of iceblast (11)
 C - a wand of flame (54)
Scrolls
 e - 4 scrolls of identify
 n - a scroll of teleportation
 u - a scroll of remove curse
 w - a scroll of amnesia
 x - 2 scrolls of enchant armour {unknown}
Potions
 a - a potion of ambrosia
 g - a potion of curing
 i - 2 potions of might
 o - a potion of flight {unknown}
 p - 2 potions of heal wounds
 q - 2 potions of resistance
 s - a potion of brilliance {unknown}
 v - 3 potions of cancellation {unknown}
 z - a potion of berserk rage {unknown}
Comestibles
 b - 19 rations


   Skills:
 * Level 9.2 Fighting
 + Level 2.5 Short Blades
 + Level 9.8 Axes
 + Level 6.8 Dodging
 - Level 4.9 Stealth
 * Level 4.4 Shields
 + Level 3.8 Spellcasting
 + Level 5.2 Conjurations
 + Level 2.0 Hexes
 + Level 0.3 Evocations


You had 5 spell levels left.
You knew the following spells:

 Your Spells              Type           Power        Failure   Level  Hunger
a - Magic Dart            Conj           ###.         1%          1    None
b - Searing Ray           Conj           ###...       2%          2    ##.....
c - Dazzling Flash        Conj/Hex       ###...       11%         3    ###....
d - Stone Arrow           Conj/Erth      ##....       16%         3    ###....
e - Conjure Flame         Conj/Fire      ##......     16%         3    ###....

Your spell library contained the following spells:

 Spells                   Type           Power        Failure   Level  Hunger
 Corona                   Hex            ##.....      7%          1    None
 Slow                     Hex            ##......     11%         2    ##.....
 Sandblast                Erth           #.....       16%         1    None
 Passwall                 Tmut/Erth      #.......     24%         2    ##.....
 Inner Flame              Hex/Fire       #.......     30%         3    ###....
 Portal Projectile        Hex/Tloc       #.....       30%         3    ###....
 Fulminant Prism          Conj/Hex       ###.......   34%         4    ####...
 Iskenderun's Mystic Bla  Conj/Tloc      ##......     47%         4    ####...
 Cause Fear               Hex            ##........   56%         4    ####...
 Leda's Liquefaction      Hex/Erth       #.........   71%         4    ####...
 Petrify                  Tmut/Erth      #.......     85%         4    ####...
 Lee's Rapid Deconstruct  Erth           #.........   99%         5    ######.


Dungeon Overview and Level Annotations

Branches:
Dungeon (10/15)            Temple (1/1) D:6            Lair (0/6) D:9
    Orc (0/2) D:9

Altars:
Ashenzari
Cheibriados
Dithmenos
Elyvilon
Fedhas
Gozag
Hepliaklqana
Kikubaaqudgha
Makhleb
Nemelex Xobeh
Okawaru
Qazlal
Ru
Sif Muna
Trog
Uskayaw
Vehumet
Wu Jian
Xom
Yredelemnul
Zin
The Shining One

Annotations:
D:9 Erolcha, Harold


Innate Abilities, Weirdness & Mutations

You cannot wear most types of armour.
You are very stealthy in the water. (Stealth+)
You are amphibious.
You can wear up to eight rings at the same time.
You can use your tentacles to constrict eight enemies at once.
Your skin blends seamlessly with your surroundings (Stealth++).
Your rubbery body absorbs attacks. (AC +1, EV +1)
Scrolls take you a little longer to read.
You are dopey. (Int -2)
You passively map a small area around you.
You occasionally shout uncontrollably at your foes.


Message History

Aim: Erolcha, wielding a +5 giant club and wearing a +0 robe (almost dead)
The magic dart hits Erolcha.
Erolcha is almost dead.
You feel sick. The killer bee closely misses you. The killer bee stings you.
Erolcha mumbles some strange words.
Erolcha blinks!
You barely miss the killer bee. Your grab misses the killer bee.
The killer bee is heavily wounded.
You feel sick. The killer bee closely misses you.
You miss the killer bee. You grab the killer bee.
The killer bee is heavily wounded.
You constrict the killer bee, but do no damage.
The killer bee barely misses you. The killer bee completely misses you.
You hit the killer bee. You squeeze the killer bee.
You kill the killer bee!
Vehumet accepts your kill.
You feel your power returning.
You feel sick.
Erolcha points at you and mumbles some strange words.
The fireball explodes!
The fireball engulfs you!!
You die...

*##.#.#.##
###.###### *
##8.8## #.#
##'## #.# *
*#...# #.# ,
#.>.# #.# ,
#...## #.#
######.## #.# ,
#..O....### #.#
........@.# #.#
#...>...#†#
#.#### ##
##.....##.#
#....# .#
##...#*#.#
####.# .# ###.#
#.# #.# .# ..##
#.# #.###### .#
#.# #.#
#....(.# .# #.#
#.# ##.#.##.#
.# #.#
#.#####.###.#.#


You could see Erolcha.

Vanquished Creatures
  Erica (D:8)
  Pikel (D:5)
  Maurice (D:8)
  Psyche (D:8)
  A komodo dragon (D:9)
  3 hippogriffs
  A spriggan (D:8)
  2 yaks
  Menkaure (D:7)
  A slave (D:5)
  3 ice beasts
  7 orc warriors
  2 phantoms
  2 necrophages
  7 ogres
  3 centaurs
  A big kobold (D:8)
  5 bullfrogs
  A wyvern zombie (D:10)
  A water moccasin zombie (D:10)
  4 scorpions
  13 killer bees
  4 wights (D:8)
  4 howler monkeys
  A crimson imp (D:8)
  2 centaur zombies
  6 hounds
  7 orc wizards
  A bullfrog skeleton (D:4)
  2 jellies (D:8)
  6 orc priests
  A centaur skeleton (D:6)
  3 iguanas
  Ijyb (D:5)
  8 worker ants
  A hound skeleton (D:7)
  A howler monkey zombie (D:8)
  8 gnolls
  9 adders
  2 shadow imps
  An ooze (D:1)
  4 worms
  7 leopard geckos
  33 orcs
  3 giant cockroaches (D:1)
  8 hobgoblins
  4 jackals (D:4)
  8 quokkas
  A ball python (D:4)
  4 bats
  3 frilled lizards (D:1)
  4 goblins
  6 kobolds
  A leopard gecko zombie (D:6)
  7 rats
223 creatures vanquished.

Vanquished Creatures (others)
  An orc (D:5)
  A plant (D:9)
2 creatures vanquished.

Grand Total: 225 creatures vanquished

Notes
Turn   | Place    | Note
-------+----------+-------------------------------------------
     0 | D:1      | Conn the Octopode Conjurer began the quest for the Orb.
     0 | D:1      | Reached XP level 1. HP: 11/11 MP: 3/3
   382 | D:1      | Reached XP level 2. HP: 17/17 MP: 5/5
   914 | D:1      | Reached XP level 3. HP: 17/21 MP: 6/6
  1373 | D:2      | Gained mutation: Your body sometimes deteriorates upon
                  | taking damage. [potion of mutation]
  1373 | D:2      | Gained mutation: You are frail. (-10% HP) [potion of
                  | mutation]
  1373 | D:2      | Gained mutation: You have supernaturally acute eyesight.
                  | (SInv) [potion of mutation]
  1373 | D:2      | Gained mutation: Your skin blends seamlessly with your
                  | surroundings (Stealth++). [potion of mutation]
  1439 | D:3      | Found a basalt altar of Yredelemnul.
  1870 | D:2      | Reached XP level 4. HP: 24/24 MP: 5/7
  1876 | D:2      | Learned a level 2 spell: Searing Ray
  1880 | D:2      | Learned a level 3 spell: Dazzling Flash
  2353 | D:2      | Reached skill level 1 in Fighting
  2353 | D:2      | Reached XP level 5. HP: 9/29 MP: 5/9
  2612 | D:2      | Reached skill level 1 in Short Blades
  2640 | D:2      | Lost mutation: Your body sometimes deteriorates upon taking
                  | damage. [potion of mutation]
  2640 | D:2      | Lost mutation: You are frail. (-10% HP) [potion of
                  | mutation]
  2640 | D:2      | Lost mutation: You have supernaturally acute eyesight.
                  | (SInv) [potion of mutation]
  2640 | D:2      | Gained mutation: You occasionally shout uncontrollably at
                  | your foes. [potion of mutation]
  2640 | D:2      | Gained mutation: You are dopey. (Int -2) [potion of
                  | mutation]
  2640 | D:2      | Gained mutation: Scrolls take you a little longer to read.
                  | [potion of mutation]
  2640 | D:2      | Gained mutation: You passively map a small area around you.
                  | [potion of mutation]
  2781 | D:4      | Reached XP level 6. HP: 38/38 MP: 2/10
  3048 | D:4      | Got a fine hand axe
  3049 | D:4      | Identified the +6 hand axe "Yrao" {chop, rC+ rN++ Str+2
                  | Dex+3} (You found it on level 4 of the Dungeon)
  3115 | D:4      | Reached skill level 5 in Conjurations
  3292 | D:4      | Noticed a necrophage
  3297 | D:4      | Killed a necrophage
  3297 | D:4      | Reached XP level 7. HP: 43/45 MP: 12/12
  3342 | D:4      | Reached skill level 1 in Axes
  3684 | D:5      | Entered Level 5 of the Dungeon
  4128 | D:5      | Noticed Pikel
  4156 | D:5      | Killed Pikel
  4156 | D:5      | Reached XP level 8. HP: 28/54 MP: 13/13
  4440 | D:5      | Found a shadowy altar of Dithmenos.
  4572 | D:5      | Noticed Ijyb
  4584 | D:5      | Killed Ijyb
  4584 | D:5      | Reached skill level 5 in Axes
  5111 | D:6      | Found a staircase to the Ecumenical Temple.
  5171 | Temple   | Entered the Ecumenical Temple
  5344 | Temple   | Became a worshipper of Vehumet
  5378 | D:6      | Reached XP level 9. HP: 60/60 MP: 14/14
  5829 | D:7      | Reached skill level 5 in Fighting
  5939 | D:7      | Found a shimmering blue altar of Sif Muna.
  5997 | D:7      | Noticed Menkaure
  6002 | D:7      | Killed Menkaure
  6120 | D:7      | Found an iron altar of Okawaru.
  6254 | D:7      | Reached skill level 5 in Dodging
  6455 | D:7      | Found a sparkling altar of Nemelex Xobeh.
  6714 | D:8      | Reached skill level 1 in Shields
  6838 | D:8      | Noticed Psyche
  6848 | D:8      | Killed Psyche
  6849 | D:8      | Found a sacrificial altar of Ru.
  7039 | D:8      | Noticed Maurice
  7060 | D:8      | Reached XP level 10. HP: 14/69 MP: 15/15
  7273 | D:8      | Learned a level 3 spell: Stone Arrow
  7317 | D:8      | Reached * piety under Vehumet
  7317 | D:8      | Offered knowledge of Shock by Vehumet.
  7602 | D:8      | Noticed Erica
  7630 | D:8      | Killed Erica
  7879 | D:8      | Killed Maurice
  7957 | D:8      | Got a fine dagger
  7958 | D:8      | Identified the cursed +0 dagger "Ogrebane" {flame, *Noise
                  | rC+++ MP+9 Dex+6} (You found it on level 8 of the Dungeon)
  8470 | D:9      | Found an opulent altar of Gozag.
  8470 | D:9      | Found a sacrificial altar of Ru.
  8471 | D:9      | Found an ancient bone altar of Kikubaaqudgha.
  8546 | D:9      | Found a staircase to the Lair.
  8616 | D:9      | Reached ** piety under Vehumet
  8618 | D:9      | Offered knowledge of Foxfire by Vehumet.
  8762 | D:9      | Found a staircase to the Orcish Mines.
  8800 | D:9      | Reached XP level 11. HP: 78/78 MP: 16/16
  8842 | D:9      | Noticed Harold
  8844 | D:9      | Paralysed by Harold for 5 turns
  8854 | D:9      | Paralysed by Harold for 3 turns
  8861 | D:9      | HP: 1/78 [Harold/+0 glaive (22)]
  8863 | D:9      | Paralysed by Harold for 3 turns
  8889 | D:9      | Reached skill level 1 in Hexes
  8915 | D:9      | Paralysed by Harold for 2 turns
  8952 | D:10     | Entered Level 10 of the Dungeon
  9214 | D:10     | Offered knowledge of Conjure Flame by Vehumet.
  9489 | D:10     | Learned a level 3 spell: Conjure Flame
 10122 | D:9      | Noticed Erolcha
 10298 | D:9      | Killed from afar by Erolcha

Levels and vault maps discovered:
D:1:      dpeg_arrival_ternary, layout_basic, chequers_decorated_corner,
          minmay_worlds_worst_comb
D:2:      layout_loops_corners, serial_co_window_serial, co_window_corner_a,
          co_window_paths_a, co_window_paths_a, co_window_corner_a,
          co_window_paths_b, co_window_broadway_b, co_window_broadway_c,
          co_window_corner_b, co_window_2corner, glass_columns_a, first_ration,
          hangedman_glass_garden, chequers_hall_statues_y
D:3:      layout_rooms, lemuel_doored_altar, serial_glass, glass_columns_b,
          glass_columns_a, glass_columns_c, glass_columns_a, glass_columns_b
D:4:      minmay_diamond_boxcup, layout_basic
D:5:      layout_basic, nicolae_dithmenos_through_a_glass_darkly, uniq_pikel,
          uniq_ijyb
D:6:      layout_gridville, minmay_temple_entry_overgrown
D:7:      layout_basic, nemelex_altar_shiori, overflow_temple_1_default,
          okawaru_metal_pillars_1_2, uniq_menkaure
D:8:      minmay_s_stair_smasher, layout_layer_cave, the_bakery,
          hangedman_ru_absence, uniq_erica, uniq_maurice, uniq_psyche
D:9:      layout_loops_ring, gammafunk_temple_overflow_claw,
          david_lair_shrubbed, hiddenorc1_lemuel, uniq_harold, uniq_erolcha
D:10:     layout_irregular_city, serial_co_window_serial, co_window_corner_a,
          co_window_corner_a, co_window_corner_a, co_window_corner_a,
          co_window_paths_a, co_window_of_opportunity_a, co_window_2corner,
          co_window_broadway_a, co_window_2corner, co_window_unsneaky_path_d,
          glass_columns_b, uniq_sonja
Temple:   eino_temple_rhombus

Skill      XL: |  1  2  3  4  5  6  7  8  9 10 11 |
---------------+----------------------------------+-----
Stealth        | 3 4 |  4.9
Spellcasting   | 3 |  3.8
Fighting       | 1 2 3 4 6 8 9 |  9.2
Short Blades   | 1 2 |  2.5
Dodging        | 3 4 5 6 |  6.8
Conjurations   | 5 |  5.2
Axes           | 4 6 8 9 |  9.8
Shields        | 2 4 |  4.4
Hexes          | 2 |  2.0
Evocations     | |  0.3

Action                   |  1- 3 |  4- 6 |  7- 9 | 10-12 || total
-------------------------+-------+-------+-------+-------++-------
Melee: Dagger            |    38 |       |       |       ||    38
       Constrict         |    12 |     9 |    32 |    48 ||   101
       Tentacles         |     8 |     7 |    40 |    66 ||   121
       Short sword       |     8 |    27 |       |       ||    35
       Hand axe          |       |    13 |   201 |   256 ||   470
Throw: Throwing net      |       |       |       |     2 ||     2
 Cast: Magic Dart        |    48 |    17 |     1 |     5 ||    71
       Searing Ray       |       |     5 |       |     6 ||    11
       Dazzling Flash    |       |     1 |       |     4 ||     5
       Conjure Flame     |       |       |       |     1 ||     1
Evoke: Wand              |       |       |       |     2 ||     2
  Use: Potion            |     3 |     1 |     5 |     6 ||    15
       Scroll            |       |     6 |     5 |     6 ||    17
 Stab: Sleeping          |     5 |     7 |     8 |     5 ||    25
       Invisible         |       |       |     3 |     1 ||     4
       Distracted        |       |       |       |     1 ||     1
  Eat: Chunk             |     3 |     5 |     9 |    10 ||    27
       Ration            |       |       |     1 |       ||     1
Armor: Skin              |    10 |     2 |    10 |     6 ||    28
Dodge: Dodged            |    48 |    33 |   142 |   182 ||   405
Block: Buckler           |       |       |    11 |    66 ||    77

Table legend:
 A = Non-vault XP
 B = Vault XP
 C = Vault XP percentage of total XP
 D = Non-vault monster count
 E = Vault monster count
 F = Vault count percentage of total count
                 A         B        C        D         E       F
            +---------+---------+-------+---------+---------+-------
      Total |    7195 |    4485 |  38.4 |     176 |      46 |  20.7
            +---------+---------+-------+---------+---------+-------
        D:1 |      29 |       6 |  17.1 |      16 |       3 |  15.8
        D:2 |     170 |       0 |   0.0 |      25 |       0 |   0.0
        D:3 |      20 |       0 |   0.0 |       6 |       0 |   0.0
        D:4 |     558 |      67 |  10.7 |      20 |       5 |  20.0
        D:5 |     284 |     687 |  70.8 |      14 |       2 |  12.5
        D:6 |     597 |       0 |   0.0 |      11 |       0 |   0.0
        D:7 |    1049 |     172 |  14.1 |      16 |       1 |   5.9
        D:8 |    1312 |    2956 |  69.3 |      19 |      17 |  47.2
        D:9 |    1684 |     597 |  26.2 |      26 |      18 |  40.9
       D:10 |    1492 |       0 |   0.0 |      23 |       0 |   0.0
            +---------+---------+-------+---------+---------+-------
